AoeStats
← JoyStick

Arena

509986136Analyzed
4v4 RM · 5d ago on Sep 28, 2026· 36m 9s· 8 players
Game mode
Random Map
Map size
Large (8 player)
Population
200
Speed
Normal
Resources
Standard
Victory
Conquest
Starting age
Dark Age
Ending age
Imperial Age
RankedLock teamsTeams togetherTeam positionsShared explorationLock speedFull tech treeHidden civsTurbo modeCheats
Victory
Defeat
🇺🇸 Lithuanians · United States
1473
+9
🇧🇷 Danes · Brazil
1470
+9
🇨🇦 Chinese · Canada
1446
+10
🇳🇴 Sicilians · Norway
1439
+10
🇹🇷 Danes · Türkiye
1378
-11
🇹🇷 Britons · Türkiye
1348
-11
🇹🇷 Khmer · Türkiye
1292
-9
🇹🇷 Bohemians · Türkiye
1239
-7
AttilathePun463
9:56 Feudal Age
13:45 Castle Age
12:26 Double-Bit Axe
12:21 Horse Collar
14:54 Bow Saw
15:51 Loom
18:55 Loom
20:37 Heavy Plow
21:26 Wheelbarrow
22:21 Heavy Plow
26:31 Hand Cart
28:47 Imperial Age
27:07 Scale Barding Armor
28:24 Bloodlines
28:35 Chain Barding Armor
28:15 Scale Mail Armor
30:16 Plate Barding Armor
29:06 Cavalier
29:06 Light Cavalry
29:44 Gold Mining
30:44 Husbandry
30:55 Forging
32:23 Light Cavalry
33:41 Iron Casting
33:29 Ballistics
34:18 Conscription
35:13 Two-Man Saw
34:40 Fletching
35:52 Chemistry
35:57 Thumb Ring
35:13 Elite Skirmisher
35:49 Bodkin Arrow
36:21 Tower Shields
Ranchy
0:27 Loom
9:53 Feudal Age
14:00 Castle Age
12:17 Double-Bit Axe
15:01 Bow Saw
14:33 Horse Collar
16:32 Heavy Plow
19:19 Wheelbarrow
19:39 Stone Mining
20:55 Hand Cart
23:17 Town Watch
23:38 Loom
23:50 Gold Mining
26:50 Imperial Age
24:35 Fletching
25:12 Ballistics
25:36 Bodkin Arrow
25:59 Masonry
26:16 Padded Archer Armor
26:53 Crossbowman
27:40 Thumb Ring
28:42 Chemistry
28:16 Bracer
28:00 Arbalester
29:04 Conscription
29:39 Gold Shaft Mining
29:39 Stone Shaft Mining
30:52 Leather Archer Armor
30:50 Scale Mail Armor
32:59 Heavy Rocket Cart
33:30 Heavy Scorpion
34:33 Rocketry
35:06 Light Cavalry
35:56 Bloodlines
35:47 Husbandry
36:19 Ring Archer Armor
35:55 Scale Barding Armor
Sasha The Bunny
10:55 Feudal Age
14:28 Castle Age
12:33 Horse Collar
14:35 Double-Bit Axe
16:39 Loom
17:12 Fletching
17:59 Town Watch
19:58 Wheelbarrow
19:38 Scale Mail Armor
23:20 Forging
26:46 Heavy Plow
30:03 Bow Saw
32:37 Ballistics
32:20 Bodkin Arrow
35:20 Chain Mail Armor
37:51 Imperial Age
36:22 Chain Mail Armor
Baratinha
11:32 Feudal Age
12:48 Double-Bit Axe
15:37 Castle Age
13:38 Gold Mining
13:46 Horse Collar
17:55 Wheelbarrow
17:53 Bow Saw
18:58 Heavy Plow
18:59 Loom
24:14 Hand Cart
29:37 Imperial Age
27:19 Scale Mail Armor
27:30 Forging
28:23 Gold Shaft Mining
28:24 Chain Mail Armor
27:36 Hamask
29:26 Iron Casting
28:42 Arson
28:58 Squires
29:42 Onager
31:09 Plate Mail Armor
31:10 Ballistics
31:56 Chemistry
30:58 Elite Varangian Guard
35:00 Blast Furnace
35:02 Siege Engineers
Furian
11:01 Feudal Age
14:26 Castle Age
13:11 Double-Bit Axe
13:10 Horse Collar
18:19 Loom
22:04 Bow Saw
22:48 Scale Barding Armor
22:54 Forging
23:55 Wheelbarrow
24:25 Gold Mining
25:36 Light Cavalry
26:27 Bloodlines
26:17 Husbandry
28:01 Chain Barding Armor
28:16 Iron Casting
28:05 Ballistics
29:15 Hand Cart
33:06 Imperial Age
35:39 Chemistry
35:52 Plate Barding Armor
36:17 Blast Furnace
edge2147
9:56 Feudal Age
13:59 Castle Age
12:04 Horse Collar
12:52 Double-Bit Axe
18:28 Fletching
18:47 Loom
34:10 Heavy Plow
34:50 Wheelbarrow
34:28 Bow Saw
34:46 Heavy Plow
37:54 Imperial Age
JoyStick
10:29 Feudal Age
11:53 Double-Bit Axe
12:19 Gold Mining
14:36 Castle Age
13:07 Horse Collar
13:17 Stone Mining
15:28 Bow Saw
16:40 Loom
22:42 Heavy Plow
25:14 Wheelbarrow
24:25 Town Watch
25:52 Squires
25:37 Arson
26:29 Hamask
27:32 Ballistics
27:04 Fletching
27:15 Scale Mail Armor
28:10 Hand Cart
28:17 Hand Cart
30:03 Stone Shaft Mining
30:04 Gold Shaft Mining
32:01 Imperial Age
29:48 Forging
29:37 Bodkin Arrow
29:56 Forging
30:59 Coinage
30:47 Chain Mail Armor
30:32 Padded Archer Armor
32:14 Iron Casting
33:24 Elite Jomsviking
34:25 Conscription
36:04 Chemistry
35:14 Masonry
36:00 Conscription
Sebastian von Rumelien
11:16 Feudal Age
12:36 Double-Bit Axe
12:56 Horse Collar
15:31 Castle Age
16:29 Bow Saw
20:07 Horse Collar
21:35 Fletching
21:48 Crossbowman
25:01 Wheelbarrow
24:11 Town Watch
25:04 Bodkin Arrow
25:12 Padded Archer Armor
26:56 Ballistics
27:11 Leather Archer Armor
27:47 Hand Cart
31:34 Imperial Age
29:22 Loom
29:51 Gold Mining
31:36 Arbalester
32:17 Bracer
33:20 Chemistry
36:26 Fortified Wall
35:58 Treadmill Crane
Connection lost

Rejoining the realm…

Still unreachable

The connection could not be restored.

Session expired

The server has moved on; the page needs a fresh start.